 Dungeon Crawl Stone Soup version 0.19.1 (webtiles) character file.

556 Angani the Skirmisher (level 7, -2/61 HPs)
             Began as a Mummy Gladiator on Nov 27, 2016.
             Was an Initiate of Gozag.
             Slain by Prince Ribbit (16 damage)
             ... on level 5 of the Dungeon.
             The game lasted 00:07:51 (15538 turns).

Angani the Skirmisher (Mummy Gladiator)            Turns: 15538, Time: 00:07:53

Health: -2/61      AC: 12    Str: 18    XL:     7   Next: 8%
Magic:  7/7        EV:  6    Int:  8    God:    Gozag
Gold:   190        SH:  0    Dex: 14    Spells: 0 memorised, 6 levels left

rFire  x . .     SeeInvis .     a - +0 quarterstaff
rCold  + . .     Gourm    .     m - +0 plate armour
rNeg   + + +     Faith    .     (shield currently unavailable)
rPois  ∞         Spirit   .     c - +0 helmet
rElec  .         Reflect  .     (no cloak)
rCorr  .         Harm     +     b - +0 pair of gloves
MR     +....                    (no boots)
Stlth  ..........               j - amulet of harm
                                h - ring of flight
                                p - ring of protection from magic

@: very slightly contaminated, hasted, very quick
A: no food or potions, fire vulnerability, cold resistance 1, negative energy
resistance 3, torment resistance, unbreathing
a: Potion Petition, Call Merchant, Bribe Branch, Renounce Religion, Evoke Flight


You were on level 5 of the Dungeon.
You worshipped Gozag.
Gozag was aware of your devotion.
You were not hungry.

You visited 1 branch of the dungeon, and saw 5 of its levels.

You collected 259 gold pieces.
You paid 69 gold pieces to Gozag.

Inventory:

Hand Weapons
 a - a +0 quarterstaff (weapon)
Missiles
 d - 3 throwing nets (quivered)
Armour
 b - a +0 pair of gloves (worn)
 c - a +0 helmet (worn)
 m - a +0 plate armour (worn)
Jewellery
 h - a ring of flight (right hand)
 j - an amulet of harm (around neck)
 o - an uncursed ring of loudness
 p - a ring of protection from magic (left hand)
Scrolls
 e - a scroll of identify
 f - a scroll of amnesia
 g - 2 scrolls of teleportation
 i - 2 scrolls of remove curse
 k - a scroll of fog {unknown}
 l - a scroll of immolation
 n - a scroll of recharging


   Skills:
 + Level 7.8 Fighting
 - Level 2.4 Staves
 - Level 1.5 Throwing
 - Level 2.4 Dodging


You had 6 spell levels left.
You didn't know any spells.

Dungeon Overview and Level Annotations

Branches:
Dungeon (5/15)
 Temple: D:4-7

Altars:
Ashenzari
Cheibriados
Gozag
Kikubaaqudgha
Qazlal
Ru
Sif Muna
Uskayaw
Xom

Annotations:
D:5 Prince Ribbit


Innate Abilities, Weirdness & Mutations

You do not eat or drink.
Your flesh is vulnerable to fire.
You are immune to poison.
Your flesh is cold resistant. (rC+)
You are immune to negative energy. (rN+++)
You are immune to unholy pain and torment.
You can survive without breathing.


Message History

Prince Ribbit hits you! x2
* * * LOW HITPOINT WARNING * * *
[a] - 0 gold - resistance, invisibility and agility [b] - 0 gold - resistance and flight [c] - 0 gold - haste and heal wounds Purchase which effect?
You feel yourself speed up.
You feel much better. Prince Ribbit closely misses you.
You are very lightly contaminated with residual magic.
Unknown command.
You miss Prince Ribbit.
Prince Ribbit is moderately wounded.
Prince Ribbit completely misses you.
You completely miss Prince Ribbit.
Prince Ribbit is moderately wounded.
Prince Ribbit hits you!
* * * LOW HITPOINT WARNING * * *
Prince Ribbit hits you!
You die...
Your body crumbles into a pile of gold.

#... #....#.#
#.#..#..#.#.#
#....#......# ######.
#......)....# #.>...
####.#)####.####...# .
#.........#...##...###.#
#....#....#.#.........#
#.#..#..#.###.F.......#
#... #...## #.@.......#
.... #####....#.?..###.
#.## ######....# #.
#....# #.#.## #.#.#
#>#.. #.#..+ #...##


You could see Prince Ribbit.

Vanquished Creatures
  An ice beast (D:4)
  A bullfrog (D:4)
  A hound (D:2)
  Ijyb (D:2)
  2 orc wizards
  3 worker ants (D:4)
  4 gnolls (D:3)
  5 adders
  An ooze (D:1)
  9 worms
  6 dart slugs
  4 leopard geckos
  7 orcs
  A ball python (D:1)
  6 giant cockroaches
  5 goblins
  9 hobgoblins
  5 jackals
  4 quokkas
  4 bats (D:2)
  7 frilled lizards
  7 kobolds
  20 rats
113 creatures vanquished.

Vanquished Creatures (others)
  A dart slug (D:3)
  A leopard gecko (D:3)
  A bat (D:3)
  A frilled lizard (D:3)
  A kobold (D:3)
  2 rats (D:3)
7 creatures vanquished.

Grand Total: 120 creatures vanquished

Notes
Turn   | Place    | Note
-------+----------+-------------------------------------------
     0 | D:1      | Angani the Mummy Gladiator began the quest for the Orb.
     0 | D:1      | Reached XP level 1. HP: 16/16 MP: 1/1
   193 | D:1      | Reached XP level 2. HP: 23/23 MP: 2/2
   272 | D:1      | Reached skill level 3 in Fighting
   568 | D:1      | Reached XP level 3. HP: 28/29 MP: 3/3
  1000 | D:2      | Reached skill level 4 in Fighting
  1178 | D:2      | Reached XP level 4. HP: 37/37 MP: 4/4
  1179 | D:2      | Noticed Ijyb
  1194 | D:2      | Killed Ijyb
  1324 | D:2      | Found an ancient bone altar of Kikubaaqudgha.
  1332 | D:2      | Found a shimmering altar of Xom.
  1347 | D:2      | Found a faded altar of an unknown god.
  1453 | D:2      | Reached skill level 5 in Fighting
  2016 | D:2      | Found a deep blue altar of Sif Muna.
  2738 | D:2      | Reached XP level 5. HP: 42/44 MP: 5/5
  6964 | D:2      | Noticed a hill giant
  7013 | D:3      | Found a stormy altar of Qazlal.
  7021 | D:3      | Found a snail-covered altar of Cheibriados.
  7508 | D:3      | Reached skill level 6 in Fighting
  8030 | D:3      | Found a shattered altar of Ashenzari.
  8030 | D:3      | Found a faded altar of an unknown god.
  8035 | D:3      | Found a faded altar of an unknown god.
  8037 | D:3      | Found a faded altar of an unknown god.
  8039 | D:3      | Found a faded altar of an unknown god.
 14752 | D:3      | Noticed a seven-headed hydra
 14789 | D:4      | Reached XP level 6. HP: 53/53 MP: 6/6
 14822 | D:4      | Found a sacrificial altar of Ru.
 14986 | D:4      | Noticed an ice beast
 15002 | D:4      | Killed an ice beast
 15002 | D:4      | Reached skill level 7 in Fighting
 15317 | D:4      | Found a hide-covered altar of Uskayaw.
 15329 | D:4      | Reached XP level 7. HP: 61/61 MP: 7/7
 15462 | D:4      | Found an opulent altar of Gozag.
 15466 | D:4      | Became a worshipper of Gozag Ym Sagoz the Greedy
 15495 | D:5      | Entered Level 5 of the Dungeon
 15524 | D:5      | Noticed Prince Ribbit
 15538 | D:5      | Slain by Prince Ribbit

Skill      XL: |  1  2  3  4  5  6 |
---------------+-------------------+-----
Fighting       | 3 4 5 6 7 |  7.8
Staves         | |  2.4
Throwing       | |  1.5
Dodging        | |  2.4

Action                   |  1- 3 |  4- 6 |  7- 9 || total
-------------------------+-------+-------+-------++-------
Melee: Quarterstaff      |    92 |   299 |    20 ||   411
Invok: Potion Petition   |       |       |     1 ||     1
  Use: Scroll            |       |     5 |       ||     5
 Stab: Sleeping          |     1 |       |       ||     1
Armor: Leather armour    |    27 |     6 |       ||    33
       Ring mail         |       |    30 |       ||    30
       Plate armour      |       |   109 |     7 ||   116
Dodge: Dodged            |    47 |   150 |     7 ||   204
